 Dungeon Crawl Stone Soup version 0.27-a0-1217-g8a41f320e8 (webtiles) character file.

Game seed: 2855929293560246136

32305 polve the Blocker (level 13, -1/108 HPs)
             Began as a Demonspawn Abyssal Knight on June 5, 2021.
             Was an Elder of Lugonu.
             Slain by an anaconda simulacrum (16 damage)
             ... on level 3 of the Lair of Beasts.
             The game lasted 00:23:03 (13755 turns).

polve the Blocker (Demonspawn Abyssal Knight)      Turns: 13755, Time: 00:23:03

Health: -1/108     AC: 19    Str: 20    XL:     13   Next: 30%
Magic:  21/22      EV: 13    Int: 13    God:    Lugonu [****..]
Gold:   1686       SH: 25    Dex: 17    Spells: 12/12 levels left

rFire    . . .     SeeInvis .   a - +9 quick blade (distort)
rCold    . . .     Faith    .   N - +2 tower shield
rNeg     . . .     Spirit   .   y - +0 plate armour
rPois    .         Reflect  .   k - +0 helmet
rElec    .         Harm     .   (no cloak)
rCorr    .         Rampage  .   J - +1 pair of gloves {Str+3}
Will     +....                  (no boots)
Stlth    ..........             d - amulet of regeneration
HPRegen  1.28/turn              w - ring "Howysh" {Will+ Dex+3}
MPRegen  0.18/turn              g - +4 ring of evasion

@: no status effects
A: talons 2, icemail 1, spiny 1, sturdy frame 3, condensation shield
a: Renounce Religion, Depart the Abyss, Bend Space, Banish, Corrupt


You were on level 3 of the Lair of Beasts.
You worshipped Lugonu.
Lugonu was greatly pleased with you.
You visited 2 branches of the dungeon, and saw 14 of its levels.
You visited the Abyss 2 times.
You also visited: Ossuary.

You collected 1933 gold pieces.
You spent 247 gold pieces at shops.

Inventory:

Hand Weapons
 a - a +9 quick blade of distortion (weapon)
 b - a +2 dagger of venom
Missiles
 K - 4 throwing nets
Armour
 k - a +0 helmet (worn)
 y - a +0 plate armour (worn)
 J - a +1 pair of gloves of strength (worn)
 N - a +2 tower shield (worn)
Jewellery
 c - a +6 ring of strength
 d - an amulet of regeneration (around neck)
 g - a +4 ring of evasion (right hand)
 l - a +6 ring of intelligence
 w - the ring "Howysh" (left hand) {Will+ Dex+3}
   (You found it on level 4 of the Dungeon)

   [ring of willpower]

   It affects your dexterity (+3).
   It increases your willpower.
 L - a ring of positive energy
 O - a ring of see invisible
Wands
 n - a wand of charming (2)
 H - a wand of polymorph (10)
 P - a wand of acid (2)
Scrolls
 h - 6 scrolls of teleportation
 j - 3 scrolls of vulnerability
 m - 5 scrolls of magic mapping
 o - 4 scrolls of noise
 p - 5 scrolls of identify
 r - a scroll of torment {unknown}
 s - a scroll of brand weapon {unknown}
 t - 4 scrolls of amnesia
 x - 2 scrolls of enchant weapon
 C - 3 scrolls of blinking
 D - 2 scrolls of silence
 G - a scroll of holy word {unknown}
Potions
 e - 2 potions of attraction
 f - a potion of invisibility
 i - 5 potions of lignification
 q - 5 potions of resistance
 u - 4 potions of might
 v - 3 potions of mutation
 z - a potion of ambrosia {unknown}
 A - 5 potions of heal wounds
 B - 3 potions of flight
 E - a potion of magic {unknown}
 F - 2 potions of brilliance
 I - a potion of berserk rage {unknown}
 M - 2 potions of curing


   Skills:
 - Level 12.0 Fighting
 - Level 8.0 Short Blades
 - Level 5.0 Armour
 - Level 5.0 Dodging
 + Level 12.3 Shields
 - Level 12.0 Invocations


You had 12 spell levels left.
You didn't know any spells.
Your spell library contained the following spells:

 Spells                   Type           Power      Damage    Failure   Level
 Foxfire                  Conj/Fire      0%         2x1d4     100%        1
 Freeze                   Ice            0%         1d3       100%        1
 Sandblast                Erth           0%         2d4       100%        1
 Passwall                 Tmut/Erth      0%         N/A       100%        2
 Conjure Flame            Conj/Fire      0%         6-21      100%        3
 Frozen Ramparts          Ice            0%         1d2       100%        3
 Inner Flame              Hex/Fire       0%         N/A       100%        3
 Ozocubu's Armour         Ice            0%         N/A       100%        3
 Stone Arrow              Conj/Erth      0%         3d7       100%        3
 Hailstorm                Conj/Ice       0%         3d3       100%        4
 Petrify                  Tmut/Erth      0%         N/A       100%        4
 Sticky Flame             Conj/Fire      0%         2d3       100%        4
 Fireball                 Conj/Fire      0%         3d3       100%        5
 Lee's Rapid Deconstruct  Erth           0%         3d5*      100%        5
 Metabolic Englaciation   Hex/Ice        0%         N/A       100%        5


Dungeon Overview and Level Annotations

Branches:
Dungeon (11/15)            Temple (0/1) D:6            Lair (3/6) D:11
 Shoals (0/4) Lair:3       Spider (0/4) Lair:2          Orc (0/2) D:10
Ossuary (visited)

Altars:
Ashenzari
Cheibriados
Elyvilon
Hepliaklqana
Nemelex Xobeh
Okawaru
Sif Muna
Trog
Uskayaw
Vehumet
Wu Jian
Xom
Zin

Shops:
D:8 [

Portals:
Trove: D:10 (give 4 potions of resistance)

Annotations:
D:9 2 transporters, exclusion: ice statue, qborf's ghost, novice VSNe
Lair:1 exclusion: 4 oklob plants
Lair:3 1 transporter


Innate Abilities, Weirdness & Mutations

You have razor-sharp toenails.
A meltable icy envelope protects you from harm. (AC +4)
You are partially covered in sharp spines.
Your movements are significantly less encumbered by armour. (ER -6)
A meltable shield of frost defends you. (SH +4)


Message History

The dire elephant simulacrum trunk-slaps you but does no damage.
You block the water moccasin simulacrum's attack.
To return, you must find a gate leading back.
Killing monsters will force the Abyss to allow you passage.
This branch contains the abyssal rune of Zot.
Found a shadowy altar of Dithmenos.
You start resting.
Magic restored.
You start resting.
There is a strange disturbance nearby!
You pass through the gate.
Welcome back to the Lair of Beasts!
Level annotation: 1 transporter You can no longer gate yourself to the Abyss.
You block the black mamba simulacrum's attack.
The black mamba simulacrum closely misses you.
You block the anaconda simulacrum's attack.
The anaconda simulacrum bites you. The anaconda simulacrum freezes you!!
You block the water moccasin simulacrum's attack.
The elephant simulacrum misses you.
The elephant simulacrum trunk-slaps you.
The elephant simulacrum freezes you!!
The dire elephant simulacrum tramples you.
The dire elephant simulacrum freezes you!!
* * * LOW HITPOINT WARNING * * *
The dire elephant simulacrum trunk-slaps you but does no damage.
The black mamba simulacrum barely misses you.
Okay, then.
You feel much better.
You block the anaconda simulacrum's attack.
The anaconda simulacrum bites you but does no damage.
The water moccasin simulacrum is struck by your spines.
The water moccasin simulacrum vapourises!
Lugonu accepts your kill.
The black mamba simulacrum barely misses you.
The anaconda simulacrum constricts you but does no damage.
The anaconda simulacrum bites you!
* * * LOW HITPOINT WARNING * * *
The anaconda simulacrum freezes you!
You die...

...#........P#..#..#..###..#..###
..#.......#.....##.######..#..###
#...................>............
#...>#...########...#.####.###..#
..#..#.#.#°○○°°###########.##.#..
#........#°°☼○°#○°°○○○#..........
#...#...##○○○○○#○○°○○°#......#.#.
#........#$(○○○○Z#.#○○#..........
#.#.#...©#©[○○ZZ@Z.©○○#©..P......
#.#......#$[○○○°Z#.#○°#.....###..
...<.....#○○○○○#○○○°°°#..........
#.###.####°○°°○#○○○○○○###.......[
..#.#..#.#○○°○.#########.......#.
#........#######.................
#..##..### ###.#..##.##....##
######## ###############


You could see a black mamba simulacrum, an anaconda simulacrum, a six-headed
hydra simulacrum, an elephant simulacrum and a dire elephant simulacrum.

Vanquished Creatures
  Harold (D:9)
  2 hydras (Lair:2)
  4 two-headed ogres
  A wolf spider (Lair:1)
  A manticore (D:10)
  7 elephants
  A merfolk siren (Lair:3)
  A black mamba (Lair:1)
  4 cane toads
  A rime drake (Lair:3)
  Maggie (D:6)
  3 komodo dragons (Lair:1)
  4 jumping spiders (Lair:2)
  Grinder (D:4)
  A troll (D:11)
  11 blink frogs
  A hornet (D:7)
  A polar bear (Lair:2)
  Sigmund (D:4)
  A redback (Lair:2)
  A shadow (D:10)
  4 wyverns
  2 wraiths
  43 yaks
  A vampire mosquito (D:9)
  6 basilisks
  A steam dragon (D:7)
  A warg (D:10)
  10 water moccasins
  Duvessa (D:6)
  4 orc warriors
  2 sky beasts (D:6)
  An ice beast (D:7)
  4 ogres
  7 wolves
  2 centaurs (D:7)
  3 phantoms
  Blork the orc (D:6)
  3 kobold brigands
  7 bullfrogs
  2 gnoll sergeants
  A wyvern zombie (D:7)
  A cane toad simulacrum (Lair:3)
  A scorpion (D:5)
  Dowan (D:6)
  10 killer bees
  5 howler monkeys
  8 wights (D:8)
  A vampire bat (D:4)
  6 electric eels (D:9)
  4 orc priests
  3 bullfrog zombies
  4 centaur zombies
  A gnoll shaman (D:5)
  2 hounds (D:5)
  2 iguanas
  A water moccasin simulacrum (Lair:3)
  A bullfrog skeleton (D:5)
  An iron imp (D:7)
  Ijyb (D:5)
  9 orc wizards
  4 mummies
  Robin (D:4)
  13 gnolls
  18 adders
  A shadow imp (D:8)
  2 white imps
  2 ufetubi (D:6)
  An adder skeleton (D:4)
  3 worms
  4 dart slugs
  3 fire bats (D:4)
  32 orcs
  2 spectral bats (D:4)
  6 ball pythons
  3 bat skeletons (D:4)
  A bat zombie (D:4)
  5 endoplasms
  3 giant cockroaches
  16 goblins
  11 hobgoblins
  10 jackals
  16 kobolds
  3 quokkas
  13 bats
  A bat simulacrum (D:4)
  4 frilled lizards
  7 goblin zombies
  4 hobgoblin zombies (Ossuary)
  A kobold zombie (Ossuary)
  6 rats
413 creatures vanquished.

Vanquished Creatures (others)
  A steam dragon (D:7)
  An orc wizard (D:8)
  An orc (D:8)
  39 fungi
  76 plants
118 creatures vanquished.

Grand Total: 531 creatures vanquished

Notes
Turn   | Place    | Note
-------+----------+-------------------------------------------
     0 | Abyss:1  | polve the Demonspawn Abyssal Knight began the quest for the
                  | Orb.
     0 | Abyss:1  | Reached XP level 1. HP: 18/18 MP: 2/2
     5 | Abyss:1  | Found a corrupted altar of Lugonu.
    59 | Abyss:1  | Noticed a sky beast
    60 | D:1      | Escaped the Abyss
   341 | D:1      | Gained mutation: You are partially covered in sharp spines.
                  | [demonic ancestry]
   341 | D:1      | Reached XP level 2. HP: 10/24 MP: 3/3
   565 | D:1      | Reached * piety under Lugonu
   752 | D:1      | Found a faded altar of an unknown god.
   845 | D:1      | Reached XP level 3. HP: 29/29 MP: 4/4
  1302 | D:2      | Reached XP level 4. HP: 35/35 MP: 5/5
  1707 | D:3      | Reached ** piety under Lugonu
  1809 | D:3      | Gained mutation: You have sharp toenails. [demonic
                  | ancestry]
  1809 | D:3      | Reached XP level 5. HP: 42/42 MP: 6/6
  1916 | D:3      | Found a sparkling altar of Nemelex Xobeh.
  2008 | D:3      | Found a hazy altar of Hepliaklqana.
  2012 | D:3      | Found a faded altar of an unknown god.
  2046 | D:3      | Reached skill level 5 in Fighting
  2403 | D:4      | Gained mutation: You have razor-sharp toenails. [demonic
                  | ancestry]
  2403 | D:4      | Reached XP level 6. HP: 48/51 MP: 7/7
  2455 | D:4      | Noticed Robin
  2469 | D:4      | Killed Robin
  2490 | D:4      | Reached *** piety under Lugonu
  2650 | D:4      | Reached skill level 1 in Dodging
  2817 | D:4      | Noticed Sigmund
  2834 | D:4      | Killed Sigmund
  2835 | D:4      | Gained mutation: Your movements are slightly less
                  | encumbered by armour. (ER -2) [demonic ancestry]
  2835 | D:4      | Reached XP level 7. HP: 48/58 MP: 8/8
  2873 | D:4      | Noticed Grinder
  2873 | D:4      | Paralysed by Grinder for 3 turns
  2885 | D:4      | Paralysed by Grinder for 7 turns
  2899 | D:4      | Killed Grinder
  3148 | D:4      | Reached **** piety under Lugonu
  3160 | D:4      | Reached XP level 8. HP: 62/64 MP: 9/9
  3264 | D:4      | Identified the ring "Howysh" {Will+ Dex+3}
  3448 | D:5      | Entered Level 5 of the Dungeon
  3608 | D:5      | Reached skill level 5 in Armour
  3608 | D:5      | Reached skill level 5 in Dodging
  3793 | D:5      | Reached skill level 5 in Invocations
  3796 | D:5      | Noticed Ijyb
  3812 | D:5      | Killed Ijyb
  4461 | D:6      | Found a shimmering altar of Xom.
  4715 | D:6      | Noticed Maggie
  4717 | D:6      | Noticed Blork the orc
  4734 | D:6      | Killed Maggie
  4735 | D:6      | Gained mutation: A meltable shield of frost defends you.
                  | (SH +4) [demonic ancestry]
  4735 | D:6      | Reached XP level 9. HP: 26/69 MP: 15/15
  4769 | D:6      | Killed Blork the orc
  4855 | D:6      | Reached skill level 10 in Invocations
  4902 | D:6      | Noticed Duvessa
  4902 | D:6      | Noticed Dowan
  4911 | D:6      | Killed Duvessa
  4913 | D:6      | Killed Dowan
  5101 | D:6      | Found a staircase to the Ecumenical Temple.
  5217 | D:6      | Identified the +3 leather armour of Ucelaen {rF- Regen+
                  | Dex+3}
  5342 | D:7      | Found a radiant altar of Vehumet.
  5389 | D:7      | Found a snail-covered altar of Cheibriados.
  6363 | D:7      | Reached skill level 5 in Short Blades
  6402 | D:8      | Reached ***** piety under Lugonu
  6415 | D:7      | Gained mutation: Your movements are less encumbered by
                  | armour. (ER -4) [demonic ancestry]
  6415 | D:7      | Reached XP level 10. HP: 77/77 MP: 19/19
  6566 | D:8      | Found a sand-covered staircase.
  6576 | Ossuary  | Entered an ossuary
  7264 | D:8      | Found an ornate altar of the Wu Jian Council.
  7264 | D:8      | Found a bloodstained altar of Trog.
  7264 | D:8      | Found a shimmering blue altar of Sif Muna.
  7348 | D:8      | Found Kokhlinej's Antique Armour Shoppe.
  7351 | D:8      | Bought a pair of embroidered gloves for 247 gold pieces
  7494 | D:9      | Found an iron altar of Okawaru.
  7779 | D:9      | Noticed a two-headed ogre
  7805 | D:9      | Killed a two-headed ogre
  7919 | D:9      | Noticed Harold
  7955 | D:9      | Killed Harold
  8036 | D:9      | Reached XP level 11. HP: 47/89 MP: 20/20
  8189 | D:9      | Found a transporter.
  8189 | D:9      | Noticed qborf's ghost (novice VSNe)
  8227 | D:9      | Found a transporter.
  8813 | D:10     | Entered Level 10 of the Dungeon
  8851 | D:9      | Reached skill level 10 in Fighting
  8940 | D:10     | Found a hide-covered altar of Uskayaw.
  9067 | D:10     | Noticed a two-headed ogre
  9091 | D:10     | Killed a two-headed ogre
  9121 | D:10     | Noticed a two-headed ogre
  9159 | D:10     | Killed a two-headed ogre
  9188 | D:10     | Found a broken altar of Ashenzari.
  9462 | D:10     | Found a portal to a secret trove of treasure.
  9587 | D:10     | Found a staircase to the Orcish Mines.
  9800 | D:11     | Noticed a two-headed ogre
  9831 | D:11     | Killed a two-headed ogre
 10211 | D:11     | Found a staircase to the Lair.
 10281 | D:11     | Reached skill level 5 in Shields
 10349 | D:10     | Identified a scroll of acquirement
 10349 | D:10     | Acquired 1185 gold pieces
 10364 | D:10     | Gained mutation: Your movements are significantly less
                  | encumbered by armour. (ER -6) [demonic ancestry]
 10364 | D:10     | Reached XP level 12. HP: 61/102 MP: 21/21
 10616 | Lair:1   | Entered Level 1 of the Lair of Beasts
 10638 | Lair:1   | Noticed a six-headed hydra
 10641 | Lair:1   | Banished a six-headed hydra
 10808 | Lair:1   | You fall into a shaft and drop 1 floor!
 11147 | Lair:1   | Acquired a +4 quick blade
 11839 | Lair:2   | Noticed a five-headed hydra
 11840 | Lair:2   | Banished a five-headed hydra
 11898 | Lair:2   | Noticed a four-headed hydra
 11908 | Lair:2   | Killed a four-headed hydra
 11915 | Lair:2   | Noticed a four-headed hydra
 11928 | Lair:2   | Killed a four-headed hydra
 12106 | Lair:2   | Reached skill level 10 in Shields
 12265 | Lair:2   | Found a hole to the Spider Nest.
 12748 | Lair:3   | Gained mutation: A meltable icy envelope protects you from
                  | harm. (AC +4) [demonic ancestry]
 12748 | Lair:3   | Reached XP level 13. HP: 108/108 MP: 22/22
 12806 | Lair:3   | Reached ****** piety under Lugonu
 12832 | Lair:3   | Found a staircase to the Shoals.
 12875 | Lair:3   | Identified a +9 quick blade of distortion (a +7 quick blade
                  | corrupted by Lugonu)
 12875 | Lair:3   | Received a gift from Lugonu
 13010 | Lair:3   | Found a transporter.
 13455 | Lair:3   | Found a transporter.
 13754 | Lair:3   | Escaped the Abyss
 13755 | Lair:3   | Slain by an anaconda simulacrum

Illustrated notes

Levels and vault maps discovered:
D:1:      eino_arrival_cavern_b, layout_basic, hellmonk_ecumenical_altar_blasted
D:2:      layout_rooms, st_stairs_13, corexii_hall_statues_i,
          minmay_tree_intersection
D:3:      layout_basic, beargit_hepliaklqana_dungeon_heroes,
          nemelex_xobeh_ov_fountains_minmay
D:4:      kennysheep_goblin_castle, layout_loops_ring, general_overflow_altar,
          minivault_1, goddamned_bats, uniq_robin, uniq_sigmund, uniq_grinder
D:5:      layout_cave_pods, uniq_ijyb
D:6:      layout_loops_ring, marbit_many_paths, minmay_temple_entry_butterflies,
          uniq_blork_the_orc, uniq_maggie, uniq_duvessa
D:7:      kennysheep_steamy, layout_basic, nicolae_overflow_crystal_walls,
          slow_altar_1, minmay_holes, minmay_misc_feat_room
D:8:      layout_cave_pools, chequers_temple_overflow_statue_of_worship,
          serial_shops, kennysheep_mini_moat, nicolae_ossuary_entry_giza
D:9:      cheibrodos_two_vegetables, layout_loops_corners,
          kennysheep_okawaru_gauntlet, gammafunk_ghost_mausoleum,
          minmay_statue_bubble, uniq_harold
D:10:     layout_long_grid, nicolae_ashenzari_skybound, lemuel_crystal_altar,
          david_orc_3, nicolae_trove_entry_free_sample
D:11:     layout_long_grid, minmay_lair_entry_grove
Lair:1:   minmay_lair_venomous_thicket, layout_gridlike,
          minmay_lair_oklob_chamber, serial_bayou_shore_b, lemuel_fruit_fields,
          grunt_megastairs_4, infiniplex_staircase_pool
Lair:2:   layout_loops_ring, nicolae_spider_entry_tight_spaces
Lair:3:   gammafunk_cloud_chamber, layout_long_grid,
          minmay_shoals_entry_lonely_mermaid

Skill      XL: |  1  2  3  4  5  6  7  8  9 10 11 12 13 |
---------------+----------------------------------------+-----
Short Blades   | 2 3 4 5 7 8 |  8.0
Fighting       | 4 5 6 9 12 | 12.0
Armour         | 3 4 5 |  5.0
Dodging        | 2 4 5 |  5.0
Invocations    | 9 12 | 12.0
Shields        | 5 11 12 | 12.3

Action                   |  1- 3 |  4- 6 |  7- 9 | 10-12 | 13-15 || total
-------------------------+-------+-------+-------+-------+-------++-------
Melee: Short sword       |    88 |    43 |       |       |       ||   131
       Dagger            |       |    99 |   279 |   633 |       ||  1011
       Kick              |       |    18 |   109 |   461 |    77 ||   665
       Rapier            |       |       |    49 |   134 |       ||   183
       Quick blade       |       |       |       |   247 |   174 ||   421
Invok: Depart the Abyss  |     1 |       |       |       |     1 ||     2
       Bend Space        |       |       |     1 |     1 |       ||     2
       Banish            |       |       |       |     4 |       ||     4
       Enter the Abyss   |       |       |       |       |     1 ||     1
       Brand Weapon With |       |       |       |       |     1 ||     1
Evoke: Wand              |       |       |       |     9 |       ||     9
  Use: Potion            |     1 |     2 |     3 |     1 |     1 ||     8
       Scroll            |       |       |       |    22 |       ||    22
Armor: Leather armour    |    22 |       |       |       |       ||    22
       Ring mail         |     6 |    34 |    26 |       |       ||    66
       Plate armour      |       |       |   142 |   235 |    46 ||   423
Dodge: Dodged            |    49 |    40 |   145 |   337 |    40 ||   611
Block: Other             |       |       |    20 |    64 |       ||    84
       Tower shield      |       |       |       |   539 |   191 ||   730

Table legend: (Time is in decaauts)
 A = Elapsed time spent in this place.
 B = Non-inter-level travel time spent in this place.
 C = Inter-level travel time spent in this place.
 D = Time resting spent in this place.
 E = Time spent auto-exploring this place.
 F = Levels seen in this place.
 G = Mean time per level.
                   A        B        C        D        E       F      G
               +--------+--------+--------+--------+--------+-----+--------+
         Total |  13345 |  12834 |    511 |     59 |   9614 |  17 |  785.0 |
       Dungeon |   9953 |   9517 |    436 |      0 |   7134 |  11 |  904.8 |
          Lair |   2896 |   2821 |     75 |      0 |   2135 |   3 |  965.3 |
         Abyss |    119 |    119 |      0 |     59 |     58 |   2 |   59.5 |
       Ossuary |    376 |    376 |      0 |      0 |    287 |   1 |  376.0 |
               +--------+--------+--------+--------+--------+-----+--------+

Top non-repeatable levels by time:
     D:9: 1391 daAuts
  Lair:1: 1118 daAuts
     D:7: 1078 daAuts
     D:4: 1068 daAuts
     D:1: 1020 daAuts
     D:5: 948 daAuts
  Lair:3: 913 daAuts
     D:6: 876 daAuts
  Lair:2: 864 daAuts
    D:10: 846 daAuts
    D:11: 798 daAuts
     D:3: 745 daAuts
     D:8: 680 daAuts
     D:2: 497 daAuts
 Ossuary: 376 daAuts
